 Dungeon Crawl Stone Soup version 0.18.1-48-g4cf74bf (webtiles) character file.

179 Gargoyl the Covered (level 5, -3/42 HPs)
             Began as a Demonspawn Abyssal Knight on Aug 22, 2016.
             Was a Believer of Lugonu.
             Killed from afar by an orc wizard (12 damage)
             ... with a puff of frost
             ... on level 3 of the Dungeon.
             The game lasted 00:05:57 (2394 turns).

Gargoyl the Covered (Demonspawn Abyssal Knight)     Turns: 2394, Time: 00:05:57

Health: -3/42      AC: 11    Str: 14      XL:     5   Next: 33%
Magic:  6/6        EV:  6    Int: 12 (13) God:    Lugonu [**....]
Gold:   97         SH:  0    Dex: 11 (12) Spells: 0 memorised, 4 levels left

rFire  + + .     SeeInvis .     a - +1 hand axe
rCold  . . .     Gourm    +     h - +2 chain mail {rF+}
rNeg   . . .     Faith    .     (no shield)
rPois  .         Spirit   .     (helmet restricted)
rElec  .         Dismiss  .     (no cloak)
rCorr  .         Reflect  .     (no gloves)
SustAt .         Harm     .     (no boots)
MR     .....                    j - amulet of the gourmand
Stlth  ..........               (no ring)
                                r - ring of fire

@: not resistant to hostile enchantments, extremely unstealthy
A: horns 2, blurry vision 1, cold resistance 1, demonic guardian 1
a: Depart the Abyss, Bend Space, Renounce Religion


You were on level 3 of the Dungeon.
You worshipped Lugonu.
Lugonu was pleased with you.
You were very full.

You visited 1 branch of the dungeon, and saw 3 of its levels.
You visited the Abyss 1 time.

You collected 97 gold pieces.

Inventory:

Hand Weapons
 a - a +1 hand axe (weapon)
Armour
 h - a +2 chain mail of fire resistance (worn)
Jewellery
 j - an amulet of the gourmand (around neck)
 r - a ring of fire (left hand)
Scrolls
 d - 4 scrolls of identify {unknown}
 e - a scroll of random uselessness {unknown}
 i - a scroll of amnesia {unknown}
 k - a scroll of teleportation {unknown}
 l - 5 scrolls of remove curse {unknown}
 m - a scroll of noise {unknown}
 n - a scroll of immolation {unknown}
 o - a scroll of enchant armour {unknown}
 q - 2 scrolls of recharging {unknown}
Books
 b - a book of Death

   Spells                             Type                      Level
   a - Corpse Rot                     Necromancy                   2
   b - Sublimation of Blood           Necromancy                   2
   c - Agony                          Necromancy                   5
   d - Dispel Undead                  Necromancy                   5
   e - Excruciating Wounds            Charms/Necromancy            5
   f - Bolt of Draining               Conjuration/Necromancy       5
 g - a book of Callings

   Spells                             Type                      Level
   a - Summon Small Mammal            Summoning                    1
   b - Call Imp                       Summoning                    2
   c - Call Canine Familiar           Summoning                    3
   d - Summon Guardian Golem          Hexes/Summoning              3
   e - Summon Lightning Spire         Summoning/Air                4
   f - Summon Ice Beast               Ice/Summoning                4
Comestibles
 c - 3 bread rations
 f - a meat ration
 p - a slice of pizza


   Skills:
 + Level 3.8 Fighting
 + Level 2.5 Axes
 * Level 3.9 Armour
 + Level 1.2 Dodging
 + Level 0.2 Stealth
 + Level 2.5 Invocations


You had 4 spell levels left.
You didn't know any spells.

Dungeon Overview and Level Annotations

Branches:
Dungeon (3/15)

Altars:
Dithmenos
Fedhas
Nemelex Xobeh
Yredelemnul
The Shining One


Innate Abilities, Weirdness & Mutations

Your flesh is cold resistant.
A weak demonic guardian rushes to your aid.
You have a pair of horns on your head.
Scrolls take you a little longer to read.


Message History

The dart slug bites you but does no damage.
Unknown command.
You hit the dart slug.
You kill the dart slug!
Lugonu accepts your kill.
You miss something. Something completely misses you.
Unknown command.
Your chain mail prevents you from hitting something.
You hear some strange, mumbled words.
A magic dart appears from out of thin air!
The magic dart hits you!
* * * LOW HITPOINT WARNING * * *
You closely miss something. Something hits you but does no damage.
You hit something. Something hits you but does no damage.
You miss something. Your headbutt misses something.
Something hits you but does no damage.
You hear some strange, mumbled words.
A puff of frost appears from out of thin air!
The puff of frost hits you!
You die...

..###. .. #..?. #. ..
###.... #. ..
#......###. #.
#.#.#.#.#. .
......#.####.# ##
.##.#.#){#....#.#....
......)@)...†......#
.P..####†####.#......
_ #.# #.###...#
###.####.#...#.#
#............#.# #
#.####.####..#.#..
..##.....##..... ##
#.......#...##
#.......#...#


There were no monsters in sight!

Vanquished Creatures
  4 gnolls
  2 adders
  An ooze (D:2)
  A worm (D:1)
  2 dart slugs
  A giant gecko (D:3)
  6 orcs (D:3)
  3 giant cockroaches
  10 goblins
  5 hobgoblins
  7 kobolds
  A quokka (D:2)
  A ball python (D:1)
  5 bats
  5 giant newts
  7 rats
61 creatures vanquished.

Vanquished Creatures (collateral kills)
  2 orc priests (D:3)
  An orc (D:3)
  A bat (D:3)
4 creatures vanquished.

Grand Total: 65 creatures vanquished

Notes
Turn   | Place    | Note
--------------------------------------------------------------
     0 | Abyss:1  | Gargoyl the Demonspawn Abyssal Knight began the quest for the Orb.
     0 | Abyss:1  | Reached XP level 1. HP: 18/18 MP: 2/2
    14 | Abyss:2  | Found a corrupted altar of Lugonu.
    68 | Abyss:2  | Noticed a tentacled starspawn
   107 | Abyss:3  | Noticed a raiju
   115 | Abyss:3  | Noticed a starcursed mass
   115 | D:1      | Escaped the Abyss
   138 | D:1      | Reached * piety under Lugonu
   161 | D:1      | Gained mutation: Your flesh is cold resistant. [demonic ancestry]
   161 | D:1      | Reached XP level 2. HP: 18/24 MP: 3/3
   984 | D:1      | Gained mutation: A weak demonic guardian rushes to your aid. [demonic ancestry]
   984 | D:1      | Reached XP level 3. HP: 14/29 MP: 4/4
  1428 | D:2      | Found a sparkling altar of Nemelex Xobeh.
  1443 | D:2      | Reached ** piety under Lugonu
  1541 | D:2      | Reached skill level 1 in Dodging
  1541 | D:2      | Reached XP level 4. HP: 25/35 MP: 5/5
  1564 | D:2      | Gained mutation: Scrolls take you a little longer to read. [potion of mutation]
  1564 | D:2      | Gained mutation: You have a pair of small horns on your head. [potion of mutation]
  1564 | D:2      | Gained mutation: You have a pair of horns on your head. [potion of mutation]
  1870 | D:2      | Found a shadowy altar of Dithmenos.
  1921 | D:2      | Found a basalt altar of Yredelemnul.
  2267 | D:3      | Reached XP level 5. HP: 42/42 MP: 6/6
  2340 | D:3      | Found a glowing golden altar of the Shining One.
  2382 | D:3      | Found a blossoming altar of Fedhas.
  2394 | D:3      | Killed from afar by an orc wizard

Skill      XL: |  1  2  3  4 |
---------------+-------------+-----
Armour         | 2 3 |  3.9
Axes           | 2 |  2.5
Dodging        | 1 |  1.2
Fighting       | |  3.8
Stealth        | |  0.2
Invocations    | |  2.5

Action                   |  1- 3 |  4- 6 || total
-------------------------+-------+-------++-------
Melee: Hand axe          |   135 |   103 ||   238
       Headbutt          |       |    11 ||    11
Invok: Depart the Abyss  |     1 |       ||     1
  Use: Potion            |       |     2 ||     2
  Eat: Chunk             |     6 |     8 ||    14
Armor: Chain mail        |    83 |   109 ||   192
Dodge: Dodged            |    52 |    51 ||   103
